 Dungeon Crawl Stone Soup version 0.26-a0-1033-gd598b01645 (webtiles) character file.

Game seed: 8681909755065589841

28 Morbidden the Conjurer (level 3, 25/25 HPs)
             Began as a Demonspawn Conjurer on Dec 10, 2020.
             Quit the game on level 1 of the Dungeon.
             The game lasted 00:01:41 (1079 turns).

Morbidden the Conjurer (Demonspawn Conjurer)        Turns: 1079, Time: 00:01:42

Health: 25/25      AC:  2    Str:  7    XL:     3   Next: 0%
Magic:  6/6        EV: 12    Int: 20    God:
Gold:   21         SH:  0    Dex: 11    Spells: 3/6 levels left

rFire    . . .     SeeInvis .   b - +0 short sword
rCold    . . .     Faith    .   (no shield)
rNeg     . . .     Spirit   .   a - +0 robe
rPois    .         Reflect  .   (no helmet)
rElec    .         Harm     .   (no cloak)
rCorr    .         Rampage  .   (no gloves)
Will     .....                  (no boots)
Stlth    ++........             (no amulet)
HPRegen  0.08/turn              f - +4 ring of slaying
MPRegen  0.10/turn              (no ring)

@: no status effects
A: demonic guardian 1, powered by death 1
a: no special abilities


You were on level 1 of the Dungeon.
You visited 1 branch of the dungeon, and saw 2 of its levels.

You collected 21 gold pieces.

Inventory:

Hand Weapons
 b - a +0 short sword (weapon)
Armour
 a - a +0 robe (worn)
Jewellery
 f - a +4 ring of slaying (left hand)
Scrolls
 c - a scroll of identify {unknown}
 d - a scroll of fog {unknown}
 e - a scroll of teleportation {unknown}
 g - a scroll of remove curse {unknown}
 h - a scroll of immolation {unknown}


   Skills:
 * Level 0.7 Fighting
 + Level 0.1 Short Blades
 + Level 1.7 Dodging
 + Level 1.9 Stealth
 * Level 2.1 Spellcasting
 * Level 4.7 Conjurations


You had 3 spell levels left.
You knew the following spells:

 Your Spells              Type           Power        Failure   Level
a - Magic Dart            Conj           ###.         2%          1
b - Searing Ray           Conj           ###...       3%          2

Your spell library contained the following spells:

 Spells                   Type           Power        Failure   Level
 Dazzling Flash           Conj/Hex       ##....       19%         3
 Fulminant Prism          Conj/Hex       ##........   52%         4
 Iskenderun's Mystic Bla  Conj/Tloc      ##......     52%         4


Dungeon Overview and Level Annotations

Branches:
Dungeon (2/15)

Altars:


Innate Abilities, Weirdness & Mutations

A weak demonic guardian rushes to your aid.
You regenerate a little health from kills.


Message History

You see here a scroll labelled KUTSUN LYOTYIR.
The helpless bat fails to defend itself.
You hit the bat.
You kill the bat!
You have reached level 3!
Your experience leads to an increase in your attributes!
Increase (S)trength, (I)ntelligence, or (D)exterity?
You feel clever.
Your demonic ancestry asserts itself...
A wave of death washes over you.
h - a scroll labelled KUTSUN LYOTYIR No target in view!
No target in view!
No target in view!
You see here 17 stones.
A jackal comes into view.
A jackal is nearby!
A jackal is nearby!
Are you sure you want to abandon this character and quit the game? (Confirm with "yes".)
Okay, then.
Are you sure you want to abandon this character and quit the game? (Confirm with "yes".)

### #. ## #.. ... #. ...
..# ### #. #.# .....
##.##.# ###.###
#...#.#####.....#
..#......##.# #.######..
#.....##....# #.@.....h.
##.#(######.###.#####...
#.#.# #...(.# #.#.#
####### #.#.########
#...†.......
#>..######## ##..# #
#..# #


You could see a jackal (asleep).

Vanquished Creatures
  An ooze (D:1)
  A dart slug (D:1)
  2 leopard geckos (D:1)
  2 bats (D:1)
  4 goblins (D:1)
  2 hobgoblins (D:1)
  2 jackals (D:1)
  A kobold (D:1)
  A ball python (D:1)
  2 frilled lizards (D:1)
  A rat (D:1)
19 creatures vanquished.

Notes
Turn   | Place    | Note
-------+----------+-------------------------------------------
     0 | D:1      | Morbidden the Demonspawn Conjurer began the quest for the
                  | Orb.
     0 | D:1      | Reached XP level 1. HP: 13/13 MP: 3/3
   263 | D:1      | You fall into a shaft and drop 1 floor!
   295 | D:1      | Gained mutation: A weak demonic guardian rushes to your
                  | aid. [demonic ancestry]
   295 | D:1      | Reached XP level 2. HP: 4/20 MP: 3/5
   832 | D:1      | Learned a level 2 spell: Searing Ray
  1075 | D:1      | Gained mutation: You regenerate a little health from kills.
                  | [demonic ancestry]
  1075 | D:1      | Reached XP level 3. HP: 25/25 MP: 6/6
  1079 | D:1      | Quit the game

Illustrated notes

Levels and vault maps discovered:
D:1:      dpeg_arrival_simpleton_a, layout_loops_ring, st_stairs_12,
          minmay_unequal
D:2:      layout_loops_ring, nicolae_gozag_seed_capital, dancing_weapons_uskayaw

Action                   || total
-------------------------++-------
Melee: Short sword       ||     7
 Cast: Magic Dart        ||    33
 Stab: Sleeping          ||     1
Armor: Robe              ||     7
Dodge: Dodged            ||     7

Table legend: (Time is in decaauts)
 A = Elapsed time spent in this place.
 B = Non-inter-level travel time spent in this place.
 C = Inter-level travel time spent in this place.
 D = Time resting spent in this place.
 E = Time spent auto-exploring this place.
 F = Levels seen in this place.
 G = Mean time per level.
                   A        B        C        D        E       F      G
               +--------+--------+--------+--------+--------+-----+--------+
         Total |   1078 |   1078 |      0 |    469 |    467 |   2 |  539.0 |
       Dungeon |   1078 |   1078 |      0 |    469 |    467 |   2 |  539.0 |
               +--------+--------+--------+--------+--------+-----+--------+

Top non-repeatable levels by time:
     D:1: 1060 daAuts
     D:2: 18 daAuts
